 Dungeon Sprint DCSS version 0.18.1-51-gd549091e01 (webtiles) character file.

989 magog001 the Fighter (level 7, -1/74 HPs)
             Began as a Minotaur Fighter on Mar 12, 2021.
             Slain by a yaktaur captain (10 damage)
             ... in the Dungeon (Sprint II: "The Violet Keep of Menkaure").
             The game lasted 00:03:06 (548 turns).

magog001 the Fighter (Minotaur Fighter)              Turns: 548, Time: 00:03:07

Health: -1/74      AC:  8    Str: 28    XL:     7   Next: 98%
Magic:  6/6        EV: 11    Int:  5    God:
Gold:   729        SH: 12    Dex:  7    Spells: 0 memorised, 6 levels left

rFire  . . .     SeeInvis .     a - +0 war axe
rCold  . . .     Gourm    .     b - +0 scale mail
rNeg   . . .     Faith    .     c - +0 shield
rPois  .         Spirit   .     (helmet restricted)
rElec  .         Dismiss  .     (no cloak)
rCorr  .         Reflect  .     (no gloves)
SustAt .         Harm     .     (no boots)
MR     .....     NoTele   +     (no amulet)
Stlth  ..........               (no ring)
                                (no ring)

@: mighty, not resistant to hostile enchantments, extremely unstealthy
A: retaliatory headbutt, horns 2, blurry vision 2, clumsy 1, MP-powered wands
a: no special abilities


You were in the Dungeon.
You were not hungry.

You visited 1 branch You collected 729 gold pieces.

Inventory:

Hand Weapons
 a - a +0 war axe (weapon)
Armour
 b - a +0 scale mail (worn)
 c - a +0 shield (worn)
Scrolls
 k - a scroll of blinking
Potions
 e - a potion of curing
 h - a potion of haste
 i - 2 potions of magic
Comestibles
 f - a bread ration


   Skills:
 * Level 11.6 Fighting
 * Level 8.2 Axes
 * Level 10.3 Armour
 * Level 6.4 Dodging
 * Level 10.8 Shields


You had 6 spell levels left.
You didn't know any spells.

Dungeon Overview and Level Annotations

Branches:
Dungeon (1/1)

Altars:

Shops:
D %:?=

Annotations:
D Kirke


Innate Abilities, Weirdness & Mutations

You reflexively headbutt those who attack you in melee.
You have a pair of horns on your head.
Scrolls take you longer to read.
You are clumsy. (Dex -2)
You expend magic power (3 MP) to strengthen your wands.


Message History

* * * LOW HITPOINT WARNING * * *
You barely miss Kirke. Your headbutt misses Kirke.
Kirke is severely wounded.
You hit the yaktaur captain but do no damage.
The yaktaur captain is heavily wounded.
You closely miss the flying skull.
The flying skull is severely damaged.
The centaur warrior looks more healthy.
You block the flying skull's attack. Kirke hits you!
* * * LOW HITPOINT WARNING * * *
You block the flying skull's attack. You block the yaktaur captain's attack.
Kirke hits you but does no damage.
You slash Kirke! Your headbutt misses Kirke.
Kirke is severely wounded.
You hit the flying skull.
The flying skull is severely damaged.
You hit the yaktaur captain.
The yaktaur captain is heavily wounded.
You block the flying skull's attack. The yaktaur captain hits you!
You die...

####≈≈#'zz#+++##
###≈≈≈.5c.§....#
.∩#≈≈≈≈.##+##z.#
∩.#≈≈≈≈##.#.##c####
.∩#≈≈≈≈#..#..#....#
∩.#≈≈####...####..##
..#≈##.###'###.##z.#
..#≈ #..##.##...#cc#
..+ +##.'.<.'##.@@z#
#.#.##.##.###z...#
#.###+###.##.§§...≈≈
### ###≈≈.....≈#+
≈≈§§§≈..≈#.
≈≈≈§§§≈≈.≈#.
≈≈≈§≈≈≈§§≈≈#.
≈≈≈≈≈≈≈≈≈≈≈≈#.


You could see Kirke, a yaktaur captain, a centaur warrior and 3 flying skulls.

Vanquished Creatures
  4 neqoxecs (D)
  Menkaure (D)
  4 necrophages (D)
  3 worms (D)
12 creatures vanquished.

Vanquished Creatures (others)
  A crocodile (D)
1 creature vanquished.

Grand Total: 13 creatures vanquished

Notes
Turn   | Place    | Note
--------------------------------------------------------------
     0 | D        | magog001 the Minotaur Fighter began the quest for the Orb.
     0 | D        | Reached XP level 1. HP: 19/19 MP: 0/0
     1 | D        | Noticed a necrophage
     1 | D        | Noticed a necrophage
     1 | D        | Noticed a necrophage
     1 | D        | Noticed a necrophage
    11 | D        | Killed a necrophage
    11 | D        | Reached skill level 6 in Fighting
    11 | D        | Reached XP level 2. HP: 17/31 MP: 1/1
    11 | D        | Reached XP level 3. HP: 21/38 MP: 2/2
    11 | D        | Reached XP level 4. HP: 25/45 MP: 3/3
    18 | D        | Killed a necrophage
    18 | D        | Reached skill level 7 in Fighting
    18 | D        | Reached XP level 5. HP: 26/53 MP: 4/4
    23 | D        | Killed a necrophage
    23 | D        | Reached skill level 8 in Fighting
    23 | D        | Reached skill level 5 in Axes
    27 | D        | Killed a necrophage
    27 | D        | Reached skill level 9 in Fighting
    27 | D        | Reached XP level 6. HP: 32/63 MP: 5/5
   215 | D        | Noticed a neqoxec
   215 | D        | Noticed a neqoxec
   215 | D        | Noticed a neqoxec
   215 | D        | Noticed a neqoxec
   221 | D        | Gained mutation: Scrolls take you a little longer to read. [a neqoxec]
   223 | D        | Gained mutation: You expend magic power (3 MP) to strengthen your wands. [a neqoxec]
   226 | D        | Killed a neqoxec
   226 | D        | Reached skill level 10 in Fighting
   226 | D        | Reached skill level 5 in Dodging
   230 | D        | Killed a neqoxec
   230 | D        | Reached skill level 10 in Shields
   230 | D        | Reached XP level 7. HP: 66/72 MP: 6/6
   236 | D        | Gained mutation: You are clumsy. (Dex -2) [a neqoxec]
   239 | D        | Gained mutation: Scrolls take you longer to read. [a neqoxec]
   241 | D        | Killed a neqoxec
   241 | D        | Reached skill level 11 in Fighting
   241 | D        | Reached skill level 10 in Armour
   248 | D        | Killed a neqoxec
   507 | D        | Noticed a flying skull
   508 | D        | Noticed a flying skull
   508 | D        | Noticed a flying skull
   510 | D        | Noticed a flying skull
   510 | D        | Noticed Menkaure
   511 | D        | Noticed a flying skull
   511 | D        | Noticed a flying skull
   511 | D        | Noticed a flying skull
   511 | D        | Noticed a flying skull
   512 | D        | Noticed a flying skull
   512 | D        | Noticed a flying skull
   512 | D        | Noticed a flying skull
   513 | D        | Noticed a flying skull
   514 | D        | Killed Menkaure
   516 | D        | Found Opir's Magic Scroll Shoppe.
   516 | D        | Found Juqot's Jewellery Emporium.
   516 | D        | Noticed Kirke
   516 | D        | Noticed a yaktaur captain
   516 | D        | Noticed a kobold demonologist
   517 | D        | Found Haneskon's Food Shoppe.
   517 | D        | Found Ybyt's Book Emporium.
   517 | D        | Noticed a centaur warrior
   548 | D        | Slain by a yaktaur captain

Skill      XL: |  1  2  3  4  5  6  7 |
---------------+----------------------+-----
Fighting       | 6 7 9 10 11 | 11.6
Axes           | 3 4 5 6 8 |  8.2
Armour         | 6 7 8 9 10 | 10.3
Dodging        | 2 3 4 5 6 |  6.4
Shields        | 6 7 9 10 | 10.8

Action                   |  1- 3 |  4- 6 |  7- 9 || total
-------------------------+-------+-------+-------++-------
Melee: War axe           |     8 |    39 |    28 ||    75
       Headbutt          |     1 |     6 |     4 ||    11
  Use: Potion            |       |     1 |     2 ||     3
Armor: Scale mail        |     2 |    11 |    19 ||    32
Dodge: Dodged            |     4 |     6 |    24 ||    34
Block: Shield            |     2 |    10 |    34 ||    46
